ABA
JOHANNESBURG FREEDOM @ LUANDA ANGLERS
08/05/2058
 
TOP OF THE 1ST
Johannesburg Freedom batting - Pitching for Luanda Anglers : RHP Troy Torres
Pitching: RHP Troy Torres
Batting: RHB Patrick Thomas 0-0: Foul Ball, location: 5FF
0-1: Foul Ball, location: 3FF
0-2: Ball
1-2: Ball
2-2: Ball
3-2: Ground out 5-3 (Groundball, 5L, EV 86.3 MPH)
Batting: SHB Irfan Umayr 0-0: Ball
1-0: Ball
2-0: SINGLE (Line Drive, 7S, EV 109.4 MPH)
Batting: LHB Vonne Jacinto 0-0: Ball
1-0: Ball
2-0: Called Strike
2-1: Ball
3-1: Fielders Choice at 2nd, 4-6 (Groundball, 4D, EV 83.1 MPH)
Batting: RHB Hisham Wazir 0-0: Ball
1-0: Ground out 2-3 (Groundball, 2L, EV 73.8 MPH)
Top of the 1st over - 0 runs, 1 hit, 0 errors, 1 left on base; Johannesburg 0 - Luanda 0
BOTTOM OF THE 1ST
Luanda Anglers batting - Pitching for Johannesburg Freedom : RHP Benjamin Charlet
Pitching: RHP Benjamin Charlet
Batting: LHB Frank Fillinger 0-0: Ground out 5-3 (Groundball, 6, EV 93.1 MPH)
Batting: LHB Keiran Filby 0-0: Ball
1-0: Fly out, F9 (Line Drive, 89S, EV 94.4 MPH)
Batting: LHB Santiago Durán 0-0: Ground out U3 (Groundball, 3, EV 110.6 MPH)
Bottom of the 1st over - 0 runs, 0 hits, 0 errors, 0 left on base; Johannesburg 0 - Luanda 0
TOP OF THE 2ND
Johannesburg Freedom batting - Pitching for Luanda Anglers : RHP Troy Torres
Batting: RHB Ian Willets 0-0: Foul Ball, location: 9LSF
0-1: Ball
1-1: Swinging Strike
1-2: Ball
2-2: SINGLE (Groundball, 6MD, EV 107.5 MPH)
Batting: RHB Ben Scott 0-0: Ball
1-0: Called Strike
1-1: Fly out, F2 (Popup, 3SF, EV 81.9 MPH)
Batting: RHB Mao-you Chao 0-0: Ball
1-0: Fly out, F8 (Flyball, 89M, EV 97.5 MPH)
Batting: RHB Fernando Rosas 0-0: Foul Ball, location: 2F
0-1: Ball
1-1: Foul Ball, location: 2F
1-2: Fly out, F8 (Flyball, 8RXD, EV 83.8 MPH)
Top of the 2nd over - 0 runs, 1 hit, 0 errors, 1 left on base; Johannesburg 0 - Luanda 0
BOTTOM OF THE 2ND
Luanda Anglers batting - Pitching for Johannesburg Freedom : RHP Benjamin Charlet
Batting: RHB Tony Horton 0-0: Fly out, F9 (Flyball, 9D, EV 99.4 MPH)
Batting: RHB Gary Robertson 0-0: Ball
1-0: Ball
2-0: Foul Ball, location: 23F
2-1: Called Strike
2-2: Strikes out swinging
Batting: RHB Bart Henstock 0-0: Called Strike
0-1: Ground out 4-3 (Groundball, 4, EV 86.9 MPH)
Bottom of the 2nd over - 0 runs, 0 hits, 0 errors, 0 left on base; Johannesburg 0 - Luanda 0
TOP OF THE 3RD
Johannesburg Freedom batting - Pitching for Luanda Anglers : RHP Troy Torres
Batting: RHB Felipe Hernández 0-0: DOUBLE (Groundball, 5L, EV 98.1 MPH)
Batting: RHB Patrick Thomas 0-0: Swinging Strike
0-1: Swinging Strike
0-2: Ball
1-2: Ball
2-2: Ball
3-2: Strikes out swinging
Batting: SHB Irfan Umayr 0-0: Ball
1-0: Foul Ball, location: 2LF
1-1: Ball
2-1: Swinging Strike
2-2: SINGLE (Line Drive, 56D, EV 68.1 MPH)
Felipe Hernández to third
Batting: LHB Vonne Jacinto 0-0: Ball
1-0: Fly out, F9 (Flyball, 9LS, EV 84.4 MPH)
Batting: RHB Hisham Wazir 0-0: Ball
1-0: Fielders Choice at 2nd, 6-4 (Groundball, 6MD, EV 81.3 MPH)
Top of the 3rd over - 0 runs, 2 hits, 0 errors, 2 left on base; Johannesburg 0 - Luanda 0
BOTTOM OF THE 3RD
Luanda Anglers batting - Pitching for Johannesburg Freedom : RHP Benjamin Charlet
Batting: SHB Hae-weon Ch'oe 0-0: Fly out, F9 (Flyball, 9, EV 96.9 MPH)
Batting: RHB Juan Muñóz 0-0: Foul Ball, location: 2F
0-1: Called Strike
0-2: Ball
1-2: Fly out, F3 (Popup, 3F, EV 63.1 MPH)
Batting: RHB Gülhan Belciler 0-0: Called Strike
0-1: Ball
1-1: Ball
2-1: Ball
3-1: Base on Balls
Batting: LHB Frank Fillinger 0-0: Called Strike
0-1: Ball
1-1: Swinging Strike
1-2: Ball
2-2: Ball
3-2: Base on Balls
Gülhan Belciler to second
Batting: LHB Keiran Filby 0-0: Ball
1-0: Ball
2-0: Swinging Strike
2-1: Ball
3-1: Called Strike
3-2: Base on Balls
Gülhan Belciler to third
Frank Fillinger to second
Batting: LHB Santiago Durán 0-0: Foul Ball, location: 2F
0-1: Ball
1-1: Ball
2-1: Fly out, F8 (Flyball, 8LM, EV 80.0 MPH)
Bottom of the 3rd over - 0 runs, 0 hits, 0 errors, 3 left on base; Johannesburg 0 - Luanda 0
TOP OF THE 4TH
Johannesburg Freedom batting - Pitching for Luanda Anglers : RHP Troy Torres
Batting: RHB Ian Willets 0-0: Foul Ball, location: 9LMF
0-1: Ball
1-1: Foul Ball, location: 2F
1-2: Foul Ball, location: 9LSF
1-2: Ball
2-2: Ball
3-2: Base on Balls
Batting: RHB Ben Scott 0-0: Ball
1-0: Ball
2-0: Called Strike
2-1: Ball
3-1: Base on Balls
Ian Willets to second
Batting: RHB Mao-you Chao 0-0: Ball
1-0: Foul Ball, location: 7LMF
1-1: Fly out, F8 (Flyball, 89M, EV 95.6 MPH)
Batting: RHB Fernando Rosas 0-0: Swinging Strike
0-1: Foul Ball, location: 7LDF
0-2: Strikes out looking
Batting: RHB Felipe Hernández 0-0: Swinging Strike
0-1: Fly out, F9 (Flyball, 89S, EV 83.1 MPH)
Top of the 4th over - 0 runs, 0 hits, 0 errors, 2 left on base; Johannesburg 0 - Luanda 0
BOTTOM OF THE 4TH
Luanda Anglers batting - Pitching for Johannesburg Freedom : RHP Benjamin Charlet
Batting: RHB Tony Horton 0-0: Called Strike
0-1: Foul Ball, location: 7LMF
0-2: Ball
1-2: Strikes out swinging
Batting: RHB Gary Robertson 0-0: Foul Ball, location: 2F
0-1: Called Strike
0-2: Ground out 4-3 (Groundball, 4, EV 84.4 MPH)
Batting: RHB Bart Henstock 0-0: Called Strike
0-1: Ball
1-1: Ball
2-1: Called Strike
2-2: Fly out, F8 (Flyball, 8RM, EV 91.9 MPH)
Bottom of the 4th over - 0 runs, 0 hits, 0 errors, 0 left on base; Johannesburg 0 - Luanda 0
TOP OF THE 5TH
Johannesburg Freedom batting - Pitching for Luanda Anglers : RHP Troy Torres
Batting: RHB Patrick Thomas 0-0: Foul Ball, location: 9LMF
0-1: Foul Ball, location: 2F
0-2: Ball
1-2: Ball
2-2: Strikes out swinging
Batting: SHB Irfan Umayr 0-0: Ball
1-0: Reached on error, E4 (Groundball, 4, EV 93.8 MPH)
Batting: LHB Vonne Jacinto 0-0: Foul Ball, location: 3F
0-1: Ball
1-1: Ball
2-1: Called Strike
2-2: Ball
3-2: Ground out 4-3 (Groundball, 34D, EV 97.5 MPH)
Irfan Umayr to second
Batting: RHB Hisham Wazir 0-0: Foul Ball, location: 5F
0-1: Ball
1-1: Ball
2-1: Called Strike
2-2: Fly out, F3 (Popup, 34S, EV 72.5 MPH)
Top of the 5th over - 0 runs, 0 hits, 1 error, 1 left on base; Johannesburg 0 - Luanda 0
BOTTOM OF THE 5TH
Luanda Anglers batting - Pitching for Johannesburg Freedom : RHP Benjamin Charlet
Batting: SHB Hae-weon Ch'oe 0-0: Called Strike
0-1: Swinging Strike
0-2: Fly out, F5 (Popup, 5F, EV 76.9 MPH)
Batting: RHB Juan Muñóz 0-0: Called Strike
0-1: Ball
1-1: Ball
2-1: Foul Ball, location: 5SF
2-2: Foul Ball, location: 2F
2-2: Ball
3-2: Foul Ball, location: 2F
3-2: Foul Ball, location: 9LDF
3-2: Foul Ball, location: 2F
3-2: Foul Ball, location: 5FF
3-2: Strikes out looking
Batting: RHB Gülhan Belciler 0-0: Ground out 6-3 (Groundball, 6, EV 81.9 MPH)
Bottom of the 5th over - 0 runs, 0 hits, 0 errors, 0 left on base; Johannesburg 0 - Luanda 0
TOP OF THE 6TH
Johannesburg Freedom batting - Pitching for Luanda Anglers : RHP Troy Torres
Batting: RHB Ian Willets 0-0: Ball
1-0: Ball
2-0: Called Strike
2-1: Called Strike
2-2: Ball
3-2: Foul Ball, location: 9LDF
3-2: Ground out 6-3 (Groundball, 6, EV 81.3 MPH)
Batting: RHB Ben Scott 0-0: Ball
1-0: Ball
2-0: SOLO HOME RUN (Flyball, 8RXD, EV 110.0 MPH), Distance : 441 ft
Batting: RHB Mao-you Chao 0-0: Ball
1-0: Ball
2-0: Ball
3-0: Called Strike
3-1: Foul Ball, location: 9LMF
3-2: Ground out 4-3 (Groundball, 4, EV 110.0 MPH)
Batting: RHB Fernando Rosas 0-0: Swinging Strike
0-1: Ball
1-1: SINGLE (Groundball, 4MD, EV 109.4 MPH)
Batting: RHB Felipe Hernández 0-0: Ball
1-0: Called Strike
1-1: Called Strike
1-2: Ball
2-2: Ball
3-2: Foul Ball, location: 2F
3-2: Base on Balls
Fernando Rosas to second
Batting: RHB Patrick Thomas 0-0: Ball
1-0: Called Strike
1-1: Ball
2-1: Foul Ball, location: 5SF
2-2: Foul Ball, location: 2F
2-2: Strikes out looking
Top of the 6th over - 1 run, 2 hits, 0 errors, 2 left on base; Johannesburg 1 - Luanda 0
BOTTOM OF THE 6TH
Luanda Anglers batting - Pitching for Johannesburg Freedom : RHP Benjamin Charlet
Batting: LHB Frank Fillinger 0-0: Ball
1-0: Ball
2-0: Ball
3-0: Base on Balls
Batting: LHB Keiran Filby 0-0: Sac Bunt to 23 - play at first, batter OUT! 3-4
Frank Fillinger to second
Batting: LHB Santiago Durán 0-0: Ball
1-0: Called Strike
1-1: Called Strike
1-2: Foul Ball, location: 9LSFF
1-2: Foul Ball, location: 2F
1-2: 2-RUN HOME RUN (Flyball, 89XD, EV 111.3 MPH), Distance : 421 ft
Batting: RHB Tony Horton 0-0: Ball
1-0: Called Strike
1-1: Ground out 3-1 (Groundball, 34D, EV 98.8 MPH)
Batting: RHB Gary Robertson 0-0: Ball
1-0: Ball
2-0: Swinging Strike
2-1: Foul Ball, location: 2F
2-2: Ball
3-2: Foul Ball, location: 23F
3-2: DOUBLE (Line Drive, 3D, EV 95.0 MPH)
Batting: RHB Bart Henstock 0-0: Ball
Wild Pitch!
Gary Robertson to third
1-0: Foul Ball, location: 9LMFF
1-1: Ball
2-1: Called Strike
2-2: Ball
Wild Pitch!
Gary Robertson scores
3-2: Base on Balls
Batting: SHB Hae-weon Ch'oe 0-0: Ball
1-0: Ground out 4-3 (Groundball, 34, EV 101.9 MPH)
Bottom of the 6th over - 3 runs, 2 hits, 0 errors, 1 left on base; Johannesburg 1 - Luanda 3
TOP OF THE 7TH
Johannesburg Freedom batting - Pitching for Luanda Anglers : RHP Troy Torres
Pitching: RHP Anssi Karvinen
Batting: SHB Irfan Umayr 0-0: Ball
1-0: Ball
2-0: Ball
3-0: Base on Balls
Batting: LHB Vonne Jacinto 0-0: Called Strike
Irfan Umayr is caught stealing 2nd base 2-6
0-1: Ball
1-1: Ball
2-1: Ball
3-1: Base on Balls
Batting: RHB Hisham Wazir 0-0: Grounds into double play, 5-4-3 (Groundball, 56, EV 106.9 MPH)
Top of the 7th over - 0 runs, 0 hits, 0 errors, 0 left on base; Johannesburg 1 - Luanda 3
BOTTOM OF THE 7TH
Luanda Anglers batting - Pitching for Johannesburg Freedom : RHP Benjamin Charlet
Pitching: RHP Scott Hayden
Batting: RHB Juan Muñóz 0-0: Ball
1-0: Ball
2-0: Ball
3-0: Called Strike
3-1: Called Strike
3-2: Strikes out swinging
Batting: RHB Gülhan Belciler 0-0: Called Strike
0-1: SOLO HOME RUN (Flyball, 9LD, EV 93.8 MPH), Distance : 341 ft
Batting: LHB Frank Fillinger 0-0: Ball
1-0: Swinging Strike
1-1: Foul Ball, location: 3F
1-2: Strikes out looking
Batting: LHB Keiran Filby 0-0: Ball
1-0: Swinging Strike
1-1: Fly out, F6 (Line Drive, 6, EV 69.4 MPH)
Bottom of the 7th over - 1 run, 1 hit, 0 errors, 0 left on base; Johannesburg 1 - Luanda 4
TOP OF THE 8TH
Johannesburg Freedom batting - Pitching for Luanda Anglers : RHP Anssi Karvinen
Batting: RHB Ian Willets 0-0: Foul Ball, location: 2F
0-1: Foul Ball, location: 9LSF
0-2: Ball
1-2: Ball
2-2: Fly out, F7 (Flyball, 78S, EV 91.3 MPH)
Batting: RHB Ben Scott 0-0: Ground out 2-3 (Groundball, 15S, EV 66.3 MPH)
Batting: RHB Mao-you Chao 0-0: Swinging Strike
0-1: Ball
1-1: Foul Ball, location: 2F
1-2: Strikes out swinging
Top of the 8th over - 0 runs, 0 hits, 0 errors, 0 left on base; Johannesburg 1 - Luanda 4
BOTTOM OF THE 8TH
Luanda Anglers batting - Pitching for Johannesburg Freedom : RHP Scott Hayden
Batting: LHB Santiago Durán 0-0: Called Strike
0-1: Ball
1-1: Ball
2-1: Foul Ball, location: 5DF
2-2: SOLO HOME RUN (Flyball, 9LD, EV 95.0 MPH), Distance : 340 ft
Batting: RHB Tony Horton 0-0: Ball
1-0: Ball
2-0: Foul Ball, location: 5F
2-1: Foul Ball, location: 9LMF
2-2: Ground out 4-3 (Groundball, 4, EV 84.4 MPH)
Batting: RHB Gary Robertson 0-0: Swinging Strike
0-1: Foul Ball, location: 2F
0-2: Strikes out looking
Batting: RHB Bart Henstock 0-0: Foul Ball, location: 25F
0-1: Foul Ball, location: 2F
0-2: Ball
1-2: Ball
2-2: Strikes out swinging
Bottom of the 8th over - 1 run, 1 hit, 0 errors, 0 left on base; Johannesburg 1 - Luanda 5
TOP OF THE 9TH
Johannesburg Freedom batting - Pitching for Luanda Anglers : RHP Anssi Karvinen
Batting: RHB Fernando Rosas 0-0: Ball
1-0: Ball
2-0: Ground out 5-3 (Groundball, 5S, EV 68.8 MPH)
Pinch Hitting: LHB Zhi-gang Jung 0-0: Ground out U3 (Groundball, 34, EV 108.1 MPH)
Batting: RHB Patrick Thomas 0-0: Fly out, F9 (Flyball, 9D, EV 108.8 MPH)
Top of the 9th over - 0 runs, 0 hits, 0 errors, 0 left on base; Johannesburg 1 - Luanda 5
Friday, March 22nd , 2024 - OOTP Baseball 24.9 Build 78